Map: [ESL] Dynasty

Players

MaxPax - Winner!

  • Race: Protoss Protoss
  • Spawn Location: 7:00

Clem

  • Race: Terran Terran
  • Spawn Location: 1:00

Event: ESL SC2 Masters 2024 Spring (Regional)

VOD

Have the link to the VOD?

Description

Time

  • Played on: May 5, 2024, 10:08 a.m.
  • Length: 7:03

All games in this series

Show
View Real Time Build Order
Export as new Build Order

MaxPax Protoss - Winner!

Build Orders: 1 Gate Expand, Oracle Opening 

Get SALT Encoding   

  12  0:00  Probe  
  13  0:12  Probe  
  14  0:16  Pylon  
  14  0:24  Probe (Chrono Boost)  
  16  0:36  Probe (Chrono Boost), Gateway  
  16  0:43  Probe (Chrono Boost)  
  16  0:45  Assimilator  
  17  0:50  Probe  
  18  1:03  Probe  
  19  1:15  Probe  
  20  1:20  Nexus  
  20  1:29  Cybernetics Core  
  20  1:33  Probe  
  20  1:38  Assimilator  
  21  1:45  Probe  
  22  1:47  Pylon  
  22  1:59  Probe  
  23  2:02  Stalker (Chrono Boost)  
  23  2:07  Shield Battery  
  26  2:19  Shield Battery  
  24  2:23  Stargate  
  24  2:29  Stalker (Chrono Boost)  
  26  2:35  Probe  
  27  2:37  Probe  
  28  2:47  Probe  
  30  2:53  Probe  
  30  2:58  Warp Gate  
  30  3:05  Probe  
  30  3:08  Probe  
  30  3:11  Oracle (Chrono Boost)  
  32  3:18  Shield Battery  
  32  3:19  Probe  
  36  3:22  Probe  
  37  3:32  Probe  
  37  3:35  Twilight Council  
  37  3:36  Probe  
  37  3:38  Stalker  
  40  3:44  Pylon, Probe  
  40  3:48  Probe  
  42  3:51  Gateway  
  42  3:57  Probe, Gateway  
  42  4:00  Probe  
  44  4:04  Pylon  
  45  4:10  Pylon  
  48  4:17  Void Ray (Chrono Boost)  
  46  4:26  Shield Battery  
  46  4:27  Shield Battery  
  46  4:32  Probe x2  
  48  4:39  Pylon  
  48  4:46  Stalker  
  48  4:47  Stalker  
  48  4:52  Stalker  
  53  4:59  Probe  
  54  5:00  Probe  
  55  5:10  Unknown  
  55  5:11  Stalker x2, Probe  
  60  5:16  Gateway  
  58  5:24  Probe  
  58  5:27  Stalker  
  51  5:31  Gateway  
  49  5:35  Charge (Chrono Boost)  
  49  5:40  Stalker  
  51  5:46  Zealot  
  53  5:54  Gateway  
  53  5:55  Gateway  
  53  5:56  Void Ray (Chrono Boost)  
  57  5:59  Stalker  
  57  6:00  Shield Battery  
  57  6:03  Pylon  
  59  6:06  Gateway  
  59  6:07  Zealot x2, Pylon  
  63  6:12  Shield Battery  
  63  6:13  Pylon  
  63  6:17  Zealot  
  65  6:24  Zealot, Templar Archives  
  67  6:31  Zealot  
  67  6:32  Zealot x2  
  70  6:34  Pylon  
  74  6:48  Zealot x2  
  74  6:52  Zealot x3, Sentry  
Show
View Real Time Build Order
Export as new Build Order

Clem Terran 

Build Orders: Liberator Opening 

Get SALT Encoding   

  12  0:00  SCV  
  13  0:12  SCV  
  14  0:16  Supply Depot  
  14  0:24  SCV  
  15  0:38  SCV  
  15  0:40  Barracks  
  16  0:43  Refinery  
  16  0:50  SCV  
  16  0:54  Refinery  
  17  1:02  SCV  
  18  1:11  Engineering Bay  
  18  1:14  SCV  
  19  1:27  Reaper  
  19  1:31  Orbital Command  
  20  1:41  Supply Depot  
  20  1:47  Bunker  
  20  1:56  Factory  
  20  1:59  SCV  
  21  2:02  Reaper  
  22  2:11  SCV  
  23  2:23  SCV  
  24  2:35  SCV, Barracks  
  25  2:42  Barracks Reactor  
  25  2:44  Factory Tech Lab  
  25  2:46  Starport  
  25  2:47  SCV  
  25  2:59  SCV  
  25  3:03  Siege Tank, Supply Depot  
  29  3:18  Supply Depot, Marine x2  
  31  3:24  Medivac, Marine  
  34  3:35  Cyclone  
  34  3:36  Marine x2  
  38  3:41  Supply Depot  
  38  3:42  Marine  
  39  3:54  Liberator, Marine x2  
  44  4:00  Marine  
  45  4:03  Supply Depot  
  45  4:08  Siege Tank  
  48  4:11  Marine  
  48  4:14  Marine  
  50  4:20  Marine  
  51  4:29  Marine  
  50  4:35  Marine  
  45  4:42  Bunker  
  42  4:48  Siege Tank  
  44  4:53  Marine  
  44  4:55  Marine  
  44  4:57  Marine  
  42  5:07  Supply Depot  
  42  5:10  Marine, Viking  
  42  5:13  Marine  
  43  5:34  Siege Tank  
  42  5:35  Marine  
  42  5:38  Marine  
  41  5:43  Marine  
  39  5:56  Viking  
  40  6:00  Marine  
  40  6:01  Marine  
  40  6:03  Marine  
  41  6:15  Siege Tank  
  43  6:20  Marine  
  43  6:24  Marine  
  43  6:30  Marine  
  45  6:40  Marine  
  45  6:43  Marine  
Tags
 
Add a new tag
Caveats
  • Supply blocks, unpowered buildings, or Contaminate may cause inaccurate times.
  • Supply counts are checked every 10 seconds.